 Dungeon Crawl Stone Soup version 0.23.1 (webtiles) character file.

Game seed: 1115868682820132236

1651 Freyura the Cudgeler (level 9, -5/55 HPs)
             Began as a Gargoyle Fighter on Mar 8, 2019.
             Was an Initiate of the Shining One.
             Killed by divine providence
             ... invoked by an orc priest
              (12 damage)
             ... on level 6 of the Dungeon.
             The game lasted 00:20:30 (5218 turns).

Freyura the Cudgeler (Gargoyle Fighter)             Turns: 5218, Time: 00:20:31

Health: -5/55      AC: 25    Str: 20    XL:     9   Next: 0%
Magic:  3/3        EV:  4    Int: 11    God:    the Shining One [......]
Gold:   313        SH: 10    Dex: 12    Spells: 8/8 levels left

rFire    . . .     SeeInvis .   t - +1 whip (antimagic)
rCold    . . .     Gourm    .   c - +0 shield
rNeg     + . .     Faith    .   y - +0 plate armour
rPois    ∞         Spirit   .   (no helmet)
rElec    +         Reflect  .   m - +0 cloak
rCorr    +         Harm     .   r - +0 pair of gloves
MR       .....     Clarity  +   (no boots)
Stlth    ..........             (no amulet)
HPRegen  0.18/turn              k - ring of resist corrosion
MPRegen  0.08/turn              q - +4 ring of protection

@: glowing, studying Staves
A: clarity, clever 1, negative energy resistance 1, electricity resistance, wild
magic 1, unbreathing, petrification resistance, rot immunity, AC +6
a: Renounce Religion


You were on level 6 of the Dungeon.
You worshipped the Shining One.
The Shining One was noncommittal.
You were full.

You visited 2 branches of the dungeon, and saw 7 of its levels.

You collected 313 gold pieces.

Inventory:

Hand Weapons
 a - a +0 flail
 h - a +0 morningstar
 t - a +1 antimagic whip (weapon)
 C - a +0 flail
Armour
 c - a +0 shield (worn)
 m - a +0 cloak (worn)
 r - a +0 pair of gloves (worn)
 y - a +0 plate armour (worn)
Jewellery
 k - a ring of resist corrosion (left hand)
 q - a +4 ring of protection (right hand)
 s - an uncursed ring of ice
Wands
 n - a wand of polymorph (6)
Scrolls
 e - a scroll of remove curse
 g - a scroll of identify
 i - 3 scrolls of teleportation
 B - a scroll of amnesia
Potions
 b - 2 potions of cancellation
 d - a potion of might
 j - 4 potions of heal wounds
 l - a potion of curing
 o - 3 potions of magic
 p - a potion of ambrosia {unknown}
 v - 3 potions of flight
 w - a potion of mutation
 x - a potion of lignification {unknown}
 z - 2 potions of degeneration {unknown}
 A - a potion of agility {unknown}
Books
 u - a manual of Staves
Comestibles
 f - 9 rations


   Skills:
 + Level 6.1 Fighting
 * Level 7.0 Maces & Flails
 + Level 6.1 Armour
 + Level 6.1 Shields
 + Level 3.0 Invocations


You had 8 spell levels left.
You didn't know any spells.
Your spell library contained the following spells:

 Spells                   Type           Power        Failure   Level  Hunger
 Beastly Appendage        Tmut           #.....       100%        1    ##.....
 Freeze                   Ice            #...         100%        1    ##.....
 Sandblast                Erth           #.....       100%        1    ##.....
 Passwall                 Tmut/Erth      #.......     100%        2    ###....
 Sticks to Snakes         Tmut           #.......     100%        2    ###....
 Throw Frost              Conj/Ice       #.....       100%        2    ###....
 Ozocubu's Armour         Chrm/Ice       #.......     100%        3    ####...
 Spider Form              Tmut/Pois      #.........   100%        3    ####...
 Stone Arrow              Conj/Erth      #.....       100%        3    ####...
 Ice Form                 Ice/Tmut       #.......     100%        4    #####..
 Petrify                  Tmut/Erth      #.......     100%        4    #####..
 Summon Ice Beast         Ice/Summ       #.......     100%        4    #####..
 Throw Icicle             Conj/Ice       #.......     100%        4    #####..
 Blade Hands              Tmut           #.........   100%        5    ######.
 Lee's Rapid Deconstruct  Erth           #.........   100%        5    ######.


Dungeon Overview and Level Annotations

Branches:
Dungeon (6/15)             Temple (1/1) D:5

Altars:
Ashenzari
Dithmenos
Elyvilon
Fedhas
Gozag
Hepliaklqana
Kikubaaqudgha
Makhleb
Nemelex Xobeh
Okawaru
Qazlal
Ru
Sif Muna
Trog
Uskayaw
Vehumet
Wu Jian
Xom
Yredelemnul
Zin
The Shining One

Shops:
D:4 %   D:5 :


Innate Abilities, Weirdness & Mutations

You are resistant to torment.
Your stone body is resilient. (AC +6)
You are immune to poison.
You resist negative energy. (rN+)
You are resistant to electric shocks. (rElec)
You can survive without breathing.
You are immune to petrification.
You are immune to rotting.
You possess an exceptional clarity of mind.
Your mind is acute. (Int +2)
Your spells are a little harder to cast, but a little more powerful.


Message History

You hit something.
Reactivating autopickup.
You have reached level 9!
Your experience leads to an increase in your attributes!
Your base attributes are Str 20, Int 9, Dex 11.
Increase (S)trength, (I)ntelligence, or (D)exterity?
You feel agile.
You feel a bit more experienced.
You closely miss the orc. You block the orc's attack.
You hit the orc.
The orc is almost dead.
The orc priest invokes the aid of Beogh against you.
Beogh smites you!
* * * LOW HITPOINT WARNING * * *
The orc hits you but does no damage.
You whack the orc!
You kill the orc!
The orc priest calls down the wrath of Beogh upon you.
Beogh smites you!
You die...

..........## #...# #.....
.#.#.#.#.#.### ##.######.##..
.............##### #.....#P.P#.#
#.#.#.#.#.#......########.##.##.^
.......................#####.####
.#.#.#(#.#.#####.####### #.#
..........## #.......# #.#
#.#.#.#.#.# #.#######


P.P .........## #@# P_P .#.#.#.#.# #)# PPP ........## #o. PPP #.#.#.#.# #.#.
.......## #.#.# .#.#.#.# #.# # ......######## #.# .............. ...
############## You could see an orc priest.

Vanquished Creatures
  Grinder (D:3)
  A water moccasin (D:6)
  An orc warrior (D:6)
  An ogre (D:4)
  2 black bears (D:6)
  2 centaurs
  A phantom (D:5)
  A bullfrog (D:6)
  2 scorpions (D:4)
  A howler monkey (D:6)
  A crimson imp (D:5)
  A bullfrog zombie (D:5)
  An orc priest (D:6)
  2 hounds
  3 orc wizards
  Ijyb (D:3)
  2 worker ants
  8 adders
  5 gnolls
  An ooze (D:1)
  2 worms
  2 dart slugs
  3 leopard geckos
  8 orcs
  9 bats
  4 giant cockroaches
  8 hobgoblins
  9 jackals
  6 quokkas
  4 frilled lizards
  9 goblins
  5 kobolds
  6 rats
  A bush (D:5)
114 creatures vanquished.

Vanquished Creatures (others)
  An orc wizard (D:5)
1 creature vanquished.

Grand Total: 115 creatures vanquished

Notes
Turn   | Place    | Note
-------+----------+-------------------------------------------
     0 | D:1      | Freyura the Gargoyle Fighter began the quest for the Orb.
     0 | D:1      | Reached XP level 1. HP: 14/14 MP: 1/1
    75 | D:1      | Reached XP level 2. HP: 19/19 MP: 2/2
   249 | D:1      | Reached XP level 3. HP: 23/23 MP: 3/3
   713 | D:2      | Reached skill level 3 in Maces & Flails
   786 | D:2      | Reached XP level 4. HP: 29/29 MP: 4/4
  1593 | D:3      | Noticed Ijyb
  1603 | D:3      | Killed Ijyb
  1657 | D:3      | Reached XP level 5. HP: 33/33 MP: 5/5
  1686 | D:3      | Found a deep blue altar of Sif Muna.
  1745 | D:3      | Noticed Grinder
  1753 | D:3      | Paralysed by Grinder for 4 turns
  1761 | D:3      | Paralysed by Grinder for 3 turns
  1768 | D:3      | Killed Grinder
  1768 | D:3      | Reached skill level 4 in Maces & Flails
  1768 | D:3      | Reached XP level 6. HP: 18/39 MP: 6/6
  2623 | D:4      | Reached XP level 7. HP: 44/44 MP: 7/7
  2694 | D:4      | Reached skill level 5 in Maces & Flails
  2706 | D:4      | Reached skill level 5 in Armour
  2734 | D:4      | Reached skill level 5 in Fighting
  2734 | D:4      | Reached skill level 5 in Shields
  2966 | D:4      | Found a white marble altar of Elyvilon.
  3062 | D:4      | Became a worshipper of Elyvilon the Healer
  3115 | D:4      | Found a stormy altar of Qazlal.
  3165 | D:4      | Found Moqemy's Food Shop.
  3240 | D:4      | Found a basalt altar of Yredelemnul.
  3553 | D:5      | Entered Level 5 of the Dungeon
  3792 | D:5      | Found Egroifet's Book Shoppe.
  3795 | D:5      | Reached skill level 1 in Invocations
  3795 | D:5      | Reached XP level 8. HP: 40/49 MP: 8/8
  4011 | D:5      | Reached * piety under Elyvilon
  4065 | D:5      | Found a staircase to the Ecumenical Temple.
  4074 | Temple   | Entered the Ecumenical Temple
  4254 | Temple   | Fell from the grace of Elyvilon
  4254 | Temple   | Became a worshipper of the Shining One
  4406 | D:5      | Reached skill level 6 in Maces & Flails
  4478 | D:5      | Gained mutation: Your spells are a little harder to cast,
                  | but a little more powerful. [potion of mutation]
  4478 | D:5      | Gained mutation: Your mind is acute. (Int +2) [potion of
                  | mutation]
  4478 | D:5      | Gained mutation: You possess an exceptional clarity of
                  | mind. [potion of mutation]
  5068 | D:6      | Found a blossoming altar of Fedhas.
  5191 | D:6      | Reached skill level 7 in Maces & Flails
  5215 | D:6      | Reached XP level 9. HP: 18/55 MP: 3/11
  5218 | D:6      | Killed from afar by an orc priest

Skill      XL: |  1  2  3  4  5  6  7  8 |
---------------+-------------------------+-----
Maces & Flails | 3 4 5 7 |  7.0
Armour         | 4 5 6 |  6.1
Fighting       | 4 5 6 |  6.1
Shields        | 4 5 6 |  6.1
Invocations    | 1 3 |  3.0

Action                   |  1- 3 |  4- 6 |  7- 9 || total
-------------------------+-------+-------+-------++-------
Melee: Flail             |   153 |   164 |   236 ||   553
       Morningstar       |       |       |   103 ||   103
       Whip              |       |       |    74 ||    74
  Use: Potion            |       |     1 |     1 ||     2
       Scroll            |       |       |    12 ||    12
  Eat: Ration            |       |     2 |     4 ||     6
Armor: Scale mail        |    97 |    88 |    23 ||   208
       Plate armour      |       |       |   269 ||   269
Dodge: Dodged            |    45 |    38 |    75 ||   158
Block: Shield            |    93 |    83 |   180 ||   356
